 Dungeon Crawl Stone Soup version 0.15.0-14-g6bbbb5c (console) character file.

79 gw the Ducker (level 4, 0/23 HPs)
             Began as a Vine Stalker Gladiator on Sept 4, 2014.
             Slain by a gnoll
             ... wielding a +0 halberd
              (9 damage)
             ... on Level 3 of the Dungeon.
             The game lasted 00:01:10 (2062 turns).

gw the Ducker (Vine Stalker Gladiator)              Turns: 2062, Time: 00:01:10

HP   0/23        AC  6     Str 17      XL: 4   Next: 37%
MP   0/5         EV 10     Int  8      God:
Gold 0           SH  0     Dex 16      Spells:  0 memorised,  3 levels left

rFire  . . .     SeeInvis .     a - +0 cutlass
rCold  . . .     Clarity  .     i - +0 ring mail
rNeg   . . .     rCorr    .     (no shield)
rPois  .         rRot     +     c - +0 helmet
rElec  .         Spirit   +     (no cloak)
SustAb .         Warding  .     (no gloves)
rMut   .         Stasis   .     (no boots)
Gourm  .                        (no amulet)
MR     .....                    (no ring)
                                (no ring)

@: about to teleport, not resistant to hostile enchantments, very unstealthy
A: fangs 2, regeneration 1, magic shield, antimagic bite, no device heal 3, rot
immunity
a: no special abilities


You were on level 3 of the Dungeon.
You were not hungry.

You visited 1 branch of the dungeon, and saw 3 of its levels.

Inventory:

Hand weapons
 a - a +0 cutlass (weapon)
Missiles
 d - 4 throwing nets
 h - 8 poisoned tomahawks (quivered)
 m - 90 stones
Armour
 c - a +0 helmet (worn)
 i - a +0 ring mail (worn)
Comestibles
 f - a bread ration
 k - a meat ration
Scrolls
 j - 2 scrolls of identify
 l - a scroll of fear {unknown}
Potions
 b - a potion of beneficial mutation {unknown}
 g - 3 potions of curing


   Skills:
 + Level 2.9 Fighting
 - Level 2.6 Short Blades
 + Level 2.3 Throwing
 + Level 3.2 Dodging


You had 3 spell levels left.
You didn't know any spells.

Dungeon Overview and Level Annotations

Branches:
Dungeon (3/15)

Altars:

Annotations:
D:1 exclusion: downstairs


Innate Abilities, Weirdness & Mutations

You have extremely sharp teeth.
Your natural rate of healing is unusually fast.
When hurt, damage is shared between your health and your magic reserves.
Your bite disrupts and absorbs the magic of your enemies.
Potions and wands cannot restore your health.
You are immune to rotting.


Message History

A gnoll comes into view.
ATTACK MOVE TO (0,-1)
The gnoll hits you from afar with a halberd!
A rat comes into view.
ATTACK MOVE TO (0,-1)
The gnoll hits you from afar with a spear.
Found a dagger and 23 poisoned needles.
ATTACK MOVE TO (0,-1)
You hit the gnoll. You bite the gnoll, but do no damage.
The gnoll is severely wounded.
The gnoll misses you. The gnoll hits you with a halberd.
Read which item? (? for menu, Esc to quit)
As you read the scroll of teleportation, it crumbles to dust.
You feel strangely unstable. The gnoll misses you.
The gnoll closely misses you.
ATTACK MOVE TO (0,-1)
You hit the gnoll.
The gnoll is severely wounded.
The gnoll hits you from afar with a spear.
The gnoll hits you with a halberd!
You die...

(## ...# #..# )..# ..# .rg#
###.#g# ..#.#g# #.#.#f#
#.#.#.# #.#.#.########
#.#...........
#####.#.#.#######.
##.##........#
#####.#..........#.#####.#.
......##.##.##)###.........
###### #.##.##.# #######.##


You could see 3 gnolls and a rat.

Table legend:
 A = Turns spent in this place as a percentage of turns spent in the entire game.
 B = Non-inter-level travel turns spent in this place as a percentage of non-inter-level travel turns spent in the entire game.
 C = Inter-level travel turns spent in this place as a percentage of turns spent in this place.
 D = Turns resting spent in this place as a percentage of non-inter-level travel turns spent in this place.
 E = Turns spent auto-exploring this place as a percentage of non-inter-level travel turns spent in this place.
 F = Non-inter-level travel turns spent in this place divided by the number of levels of this place that you've seen.
                   A       B       C       D       E      F
               +-------+-------+-------+-------+-------+----------------------
         Total | 100.0 | 100.0 |   1.4 |   3.6 |  18.2 | 185.3
       Dungeon | 100.0 | 100.0 |   1.4 |   3.6 |  18.2 | 185.3
               +-------+-------+-------+-------+-------+----------------------

Table legend:
 A = Kills in this place as a percentage of kills in entire the game.
 B = Kills by you in this place as a percentage of kills by you in the entire game.
 C = Kills by friends in this place as a percentage of kills by friends in the entire game.
 D = Other kills in this place as a percentage of other kills in the entire game.
 E = Experience gained in this place as a percentage of experience gained in the entire game.
 F = Experience gained in this place divided by the number of levels of this place that you have seen.
                   A       B       C       D       E      F
               +-------+-------+-------+-------+-------+----------------------
         Total | 100.0 | 100.0 |  -nan |  -nan | 100.0 |  37.7
       Dungeon | 100.0 | 100.0 |  -nan |  -nan | 100.0 |  37.7
               +-------+-------+-------+-------+-------+----------------------

Vanquished Creatures
  An adder (D:2)
  2 gnolls (D:2)
  A giant gecko (D:3)
  An orc (D:3)
  A giant cockroach (D:1)
  6 goblins
  9 hobgoblins
  7 kobolds
  A quokka (D:2)
  7 bats
  A giant newt (D:1)
  4 jackals (D:2)
  7 rats
48 creatures vanquished.

Notes
Turn   | Place    | Note
--------------------------------------------------------------
     0 | D:1      | gw, the Vine Stalker Gladiator, began the quest for the Orb.
     0 | D:1      | Reached XP level 1. HP: 11/11 MP: 1/1
   265 | D:1      | Reached XP level 2. HP: 15/15 MP: 3/3
  1050 | D:2      | Reached XP level 3. HP: 19/19 MP: 4/4
  1482 | D:2      | Reached skill level 3 in Dodging
  1482 | D:2      | Reached XP level 4. HP: 23/23 MP: 5/5
  2062 | D:3      | Slain by a gnoll

Action                   |  1- 3 |  4- 6 || total
-------------------------+-------+-------++-------
Melee: Cutlass           |    83 |    26 ||   109
Throw: Stone             |    49 |    30 ||    79
       Tomahawk          |       |     3 ||     3
  Use: Scroll            |     4 |     1 ||     5
       Potion            |     3 |     2 ||     5
  Eat: Chunk             |     2 |     2 ||     4

Vault maps used:
D:1:      lightli_arrival_maybe_door_vault, minmay_cut_off
D:3:      portal_sewer_entry_e, minmay_joined_circles
